 Dungeon Sprint DCSS version 0.28-a0-1387-g3a22ab9bdc (webtiles) character file.

Game seed: 12852945153054870520

1257 mhtbhm the Carver (level 8, -3/132 HPs)
             Began as a Naga Berserker on Jan 2, 2022.
             Was a High Priest of Trog.
             Slain by Snorg (4 damage)
             ... in the Dungeon (Sprint III: "The Ten Rune Challenge").
             The game lasted 00:02:12 (1119 turns).

mhtbhm the Carver (Naga Berserker)                  Turns: 1119, Time: 00:02:13

Health: -3/132     AC:  5    Str: 21    XL:     8   Next: 51%
Magic:  8/8        EV: 11    Int:  8    God:    Trog [*****.]
Gold:   28         SH:  0    Dex:  9    Spells: 7/7 levels left

rFire   . . .      SeeInvis +   q - +1 long sword (holy)
rCold   . . .      Faith    .   (no shield)
rNeg    . . .      Spirit   .   b - +0 animal skin
rPois   +          Reflect  .   (no helmet)
rElec   .          Harm     .   k - +0 cloak
rCorr   .          Rampage  .   (no gloves)
Will    +....      NoTele   +   (no barding)
Stlth   ..........              (no amulet)
HPRegen 0.32/turn               (no ring)
MPRegen 0.11/turn               (no ring)

@: berserking, hasted, quick
A: AC +2, large, see invisible, deformed body, poison resistance, slowness 2,
spit poison 1, naga tail 1, stinger 1, clumsy 1
a: Spit Poison, Renounce Religion, Berserk, Trog's Hand, Brothers in Arms


You were in the Dungeon.
You worshipped Trog.
Trog was extremely pleased with you.
You visited 1 branch You collected 28 gold pieces.

Inventory:

Hand Weapons
 a - a +2 great sword of flaming
 q - a +1 long sword of holy wrath (weapon)
Armour
 b - a +0 animal skin (worn)
 k - a +0 cloak (worn)
Jewellery
 i - a +6 ring of strength
Wands
 p - a wand of mindburst (20)
Scrolls
 h - a scroll of blinking
 m - a scroll of immolation {unknown}
 n - 2 scrolls of identify {unknown}
 o - a scroll of holy word {unknown}
Potions
 c - 4 potions of curing
 d - 2 potions of heal wounds
 f - 2 potions of magic
 g - a potion of berserk rage
 j - a potion of lignification {unknown}
 l - a potion of mutation
Miscellaneous
 r - a phantom mirror


   Skills:
 + Level 10.6 Fighting
 + Level 12.6 Long Blades
 + Level 4.2 Armour
 + Level 6.0 Dodging
 + Level 5.3 Stealth


You had 7 spell levels left.
You didn't know any spells.
Your spell library was empty.

Dungeon Overview and Level Annotations

Branches:
Dungeon (1/1)

Altars:
Cheibriados
Dithmenos
Elyvilon
Fedhas
Gozag
Hepliaklqana
Kikubaaqudgha
Makhleb
Nemelex Xobeh
Okawaru
Qazlal
Ru
Sif Muna
Trog
Uskayaw
Vehumet
Wu Jian
Xom
Yredelemnul
Zin
The Shining One
Beogh
Jiyva
Lugonu

Annotations:
D Snorg


Innate Abilities, Weirdness & Mutations

Your serpentine skin is tough. (AC +2)
You have supernaturally acute eyesight. (SInv)
Armour fits poorly on your strangely shaped body.
Your system is resistant to poisons. (rPois)
You cover ground very slowly.
You can spit poison.
You have a snake-like lower body.
Your tail ends in a venomous barb.
You are clumsy. (Dex -2)


Message History

You slash Snorg!
Snorg is heavily wounded.
Snorg goes berserk!
You slice Snorg!!
Snorg is heavily wounded.
You have got your breath back.
You closely miss Snorg.
Snorg is heavily wounded.
Snorg bites you! Snorg claws you!! Snorg claws you.
You barely miss Snorg.
Snorg is heavily wounded.
Snorg bites you!! Snorg claws you!!
* * * LOW HITPOINT WARNING * * *
Snorg closely misses you.
You are too injured to fight recklessly!
You are too injured to fight recklessly!
You are too injured to fight recklessly!
You are too injured to fight recklessly!
You are too injured to fight recklessly!
You are too injured to fight recklessly!
You are too injured to fight recklessly!
You are too injured to fight recklessly!
You are too injured to fight recklessly!
You are too injured to fight recklessly!
You are too injured to fight recklessly!
You are too injured to fight recklessly!
You slash Snorg!
Snorg is severely wounded.
You closely miss Snorg.
Snorg is severely wounded.
Snorg bites you but does no damage. Snorg claws you!!
* * * LOW HITPOINT WARNING * * *
Snorg claws you!
* * * LOW HITPOINT WARNING * * *
You slice Snorg!!
Snorg is severely wounded.
Snorg looks more healthy.
Snorg bites you.
* * * LOW HITPOINT WARNING * * *
Snorg claws you.
You die...

♣.############
♣.#___#___#__#
♣♣.#...#__.#._#
♣..###)#'###)##
♣..#..........#
♣♣.'.⌠........#
♣..#...######'#
...#.⌠.#__#...#+#####
...#...#__#...#.@§§§+
...#)###__#...#.#T§§#
...#.::#__#...'.#§..#
...#___#__'...#.#§§§#
▓▓▓▓▓▓▓▓▓▓▓▓▓▓▓▓▓▓▓▓▓


You could see Snorg (berserk).

Vanquished Creatures
  A deep elf pyromancer (D)
  A shadow (D)
  A spatial vortex (D)
  A necrophage (D)
  A water elemental (D)
  A jelly (D)
  Crazy Yiuf (D)
  A wizard (D)
  A necromancer (D)
  3 humans (D)
  A kobold demonologist (D)
  4 rats (D)
17 creatures vanquished.

Notes
Turn   | Place    | Note
-------+----------+-------------------------------------------
     0 | D        | mhtbhm the Naga Berserker began the quest for the Orb.
     0 | D        | Reached XP level 1. HP: 21/21 MP: 1/1
    16 | D        | Reached ** piety under Trog
    72 | D        | Reached skill level 4 in Long Blades
    72 | D        | Reached XP level 2. HP: 29/31 MP: 2/2
   173 | D        | Noticed Crazy Yiuf
   180 | D        | Killed Crazy Yiuf
   181 | D        | Reached skill level 5 in Fighting
   181 | D        | Reached skill level 5 in Long Blades
   181 | D        | Reached XP level 3. HP: 27/39 MP: 0/3
   206 | D        | Gained mutation: You sometimes lose the ability to read
                  | scrolls when taking damage. [potion of mutation]
   207 | D        | Lost mutation: You sometimes lose the ability to read
                  | scrolls when taking damage. [potion of mutation]
   207 | D        | Gained mutation: You are clumsy. (Dex -2) [potion of
                  | mutation]
   207 | D        | Gained mutation: Your tail ends in a venomous barb. [potion
                  | of mutation]
   320 | D        | Noticed a water elemental
   329 | D        | Killed a water elemental
   330 | D        | Reached skill level 6 in Long Blades
   330 | D        | Reached XP level 4. HP: 45/48 MP: 4/4
   432 | D        | Found a radiant altar of Vehumet.
   432 | D        | Found a shimmering blue altar of Sif Muna.
   432 | D        | Found an ancient bone altar of Kikubaaqudgha.
   432 | D        | Noticed a wizard
   435 | D        | Killed a wizard
   435 | D        | Reached *** piety under Trog
   436 | D        | Reached skill level 7 in Long Blades
   436 | D        | Reached skill level 1 in Stealth
   436 | D        | Reached XP level 5. HP: 56/56 MP: 5/5
   496 | D        | Found a basalt altar of Yredelemnul.
   496 | D        | Found a shadowy altar of Dithmenos.
   496 | D        | Found a sacrificial altar of Ru.
   496 | D        | Noticed a necrophage
   499 | D        | Reached **** piety under Trog
   505 | D        | Killed a necrophage
   506 | D        | Reached skill level 8 in Long Blades
   506 | D        | Reached XP level 6. HP: 42/67 MP: 6/6
   622 | D        | Found a glowing silver altar of Zin.
   622 | D        | Found a glowing golden altar of the Shining One.
   622 | D        | Found a white marble altar of Elyvilon.
   622 | D        | Noticed a deep elf pyromancer
   626 | D        | Noticed a fire elemental
   626 | D        | Noticed a fire elemental
   634 | D        | Killed a deep elf pyromancer
   635 | D        | Reached skill level 11 in Long Blades
   635 | D        | Reached skill level 5 in Dodging
   635 | D        | Reached XP level 7. HP: 38/76 MP: 7/7
   860 | D        | Found a hide-covered altar of Uskayaw.
   860 | D        | Found an iron altar of Okawaru.
   860 | D        | Found a bloodstained altar of Trog.
   860 | D        | Found an ornate altar of the Wu Jian Council.
   860 | D        | Noticed a human
   862 | D        | Noticed a human
   867 | D        | Killed a human
   875 | D        | Killed a human
   875 | D        | Reached ***** piety under Trog
   876 | D        | Reached skill level 10 in Fighting
   876 | D        | Reached XP level 8. HP: 80/86 MP: 8/8
  1017 | D        | Received a gift from Trog
  1018 | D        | Reached skill level 12 in Long Blades
  1029 | D        | Noticed a shadow
  1038 | D        | Killed a shadow
  1039 | D        | Reached skill level 5 in Stealth
  1079 | D        | Found a blossoming altar of Fedhas.
  1079 | D        | Found a stormy altar of Qazlal.
  1079 | D        | Found a snail-covered altar of Cheibriados.
  1079 | D        | Found a burning altar of Makhleb.
  1079 | D        | Found a shimmering altar of Xom.
  1080 | D        | Found a hazy altar of Hepliaklqana.
  1080 | D        | Found an opulent altar of Gozag.
  1080 | D        | Found a sparkling altar of Nemelex Xobeh.
  1080 | D        | Found a corrupted altar of Lugonu.
  1080 | D        | Found a viscous altar of Jiyva.
  1107 | D        | Noticed Snorg
  1118 | D        | HP: 1/132 [Snorg (17)]
  1119 | D        | Slain by Snorg

Illustrated notes

Levels and vault maps discovered:
D:        dungeon_sprint_mu [sprint_mu_entry_forest, sprint_mu_temple_rooms,
          sprint_mu_d1_horrors, sprint_mu_d2_genie, sprint_mu_d3_branching,
          sprint_mu_orc_legion, sprint_mu_elf_gauntlet, sprint_mu_hive_nellie,
          sprint_mu_lair_fedhas, sprint_mu_vaults_butterflies,
          sprint_mu_slime_circle, sprint_mu_swamp_cave, sprint_mu_snake_twists,
          sprint_mu_blade_basic, sprint_mu_crypt_fortress,
          sprint_mu_tomb_spiral, sprint_mu_vestibule_basic,
          sprint_mu_gehenna_hellfire, sprint_mu_dis_giant,
          sprint_mu_tartarus_statrot, sprint_mu_cocytus_islands, sprint_mu_zot1]

Skill      XL: |  1  2  3  4  5  6  7  8 |
---------------+-------------------------+-----
Fighting       | 4 5 6 7 9 10 | 10.6
Long Blades    | 4 5 6 7 8 11 12 | 12.6
Armour         | 2 3 4 |  4.2
Dodging        | 2 3 4 5 6 |  6.0
Stealth        | 1 2 4 5 |  5.3

Action                   |  1- 3 |  4- 6 |  7- 9 || total
-------------------------+-------+-------+-------++-------
Melee: Falchion          |    18 |    29 |       ||    47
       Long sword        |       |       |    39 ||    39
Invok: Berserk           |     3 |     3 |     2 ||     8
 Abil: Spit Poison       |     2 |     1 |     2 ||     5
  Use: Potion            |     2 |       |     1 ||     3
 Stab: Sleeping          |       |       |     1 ||     1
Armor: Animal skin       |     1 |     2 |     6 ||     9
Dodge: Dodged            |     9 |    12 |    10 ||    31

Table legend: (Time is in decaauts)
 A = Elapsed time spent in this place.
 B = Non-inter-level travel time spent in this place.
 C = Inter-level travel time spent in this place.
 D = Time resting spent in this place.
 E = Time spent auto-exploring this place.
 F = Levels seen in this place.
 G = Mean time per level.
                   A        B        C        D        E       F      G
               +--------+--------+--------+--------+--------+-----+--------+
         Total |   1230 |   1230 |      0 |    865 |      1 |   1 | 1230.0 |
       Dungeon |   1230 |   1230 |      0 |    865 |      1 |   1 | 1230.0 |
               +--------+--------+--------+--------+--------+-----+--------+

Top non-repeatable levels by time:
       D: 1230 daAuts
